 Dungeon Crawl Stone Soup version 0.18.1-50-g88ac8fd (webtiles) character file.

77 Ilten the Skirmisher (level 4, -10/33 HPs)
             Began as a Demonspawn Abyssal Knight on Apr 1, 2017.
             Was a Believer of Lugonu.
             Shot with an arrow by a centaur (11 damage)
             ... on level 5 of the Dungeon.
             The game lasted 00:28:39 (3526 turns).

Ilten the Skirmisher (Demonspawn Abyssal Knight)    Turns: 3526, Time: 00:28:40

Health: -10/33     AC: 13    Str: 12 (13) XL:     4   Next: 14%
Magic:  6/6        EV:  9    Int: 11 (13) God:    Lugonu [**....]
Gold:   45         SH:  0    Dex: 10 (13) Spells: 0 memorised, 3 levels left

rFire  . . .     SeeInvis .     r - +0 rapier
rCold  . . .     Gourm    .     g - +0 scale mail
rNeg   . . .     Faith    .     (no shield)
rPois  .         Spirit   .     (no helmet)
rElec  .         Dismiss  .     n - +2 cloak
rCorr  .         Reflect  .     q - +0 pair of gloves
SustAt .         Harm     .     (no boots)
MR     .....                    m - amulet of rage
Stlth  ..........               (no ring)
                                (no ring)

@: not resistant to hostile enchantments, extremely unstealthy
A: hooves 1, thin metallic scales 2, frail 1
a: Depart the Abyss, Bend Space, Renounce Religion, Evoke Berserk Rage


You were on level 5 of the Dungeon.
You worshipped Lugonu.
Lugonu was pleased with you.
You were not hungry.

You visited 1 branch of the dungeon, and saw 4 of its levels.
You visited the Abyss 1 time.

You collected 45 gold pieces.

Inventory:

Hand Weapons
 a - a +1 hand axe
 e - a +2 dagger of speed
 f - a +0 blowgun
 h - a +0 spear
 r - a +0 rapier (weapon)
Missiles
 d - 37 bolts
 j - 6 curare-tipped needles
 o - 23 sling bullets
 w - 9 poisoned needles (quivered)
Armour
 b - a +0 leather armour
 g - a +0 scale mail (worn)
 i - a +0 ring mail
 n - a +2 cloak (worn)
 q - a +0 pair of gloves (worn)
Jewellery
 m - an amulet of rage (around neck)
Scrolls
 k - a scroll of magic mapping {unknown}
 l - a scroll of fog {unknown}
 p - a scroll of identify {unknown}
Comestibles
 c - a bread ration
 s - a beef jerky


   Skills:
 - Level 3.7 Fighting
 * Level 2.9 Axes
 - Level 2.2 Armour
 - Level 1.2 Dodging
 - Level 2.7 Invocations


You had 3 spell levels left.
You didn't know any spells.

Dungeon Overview and Level Annotations

Branches:
Dungeon (3/15)

Altars:


Innate Abilities, Weirdness & Mutations

You have large cloven feet.
You are mostly covered in thin metallic scales (AC +3).
You are frail (-10% HP).


Message History

You see here an arrow.
The centaur shoots an arrow.
The arrow hits you.
You see here an arrow.
The centaur shoots an arrow.
The arrow hits you!
You see here an arrow.
The centaur shoots an arrow.
The arrow hits you!
* * * LOW HITPOINT WARNING * * *
The centaur shoots an arrow.
The arrow hits you.
* * * LOW HITPOINT WARNING * * *
You see here 2 arrows.
The centaur shoots an arrow.
The arrow hits you but does no damage.
You see here an arrow.
The centaur shoots an arrow.
The arrow hits you but does no damage.
You see here an arrow.
The centaur shoots an arrow.
The arrow hits you.
* * * LOW HITPOINT WARNING * * *
The centaur shoots an arrow.
The arrow hits you but does no damage.
You see here 2 arrows.
The centaur shoots an arrow.
The arrow hits you!
You die...

#.........#.............
..........#.############
#..................
#......((((.######.
#......(....#
#......(....#
#......(....#
.......(.#..###
....c..@.......
##########..### ...# .#
.. .#


You could see a centaur.

Vanquished Creatures
  2 adders (D:2)
  A worm (D:2)
  3 dart slugs (D:1)
  2 bats (D:1)
  4 giant cockroaches
  9 goblins
  4 hobgoblins
  6 jackals
  5 giant newts
  2 kobolds
  10 rats
  A plant (D:3)
49 creatures vanquished.

Notes
Turn   | Place    | Note
--------------------------------------------------------------
     0 | Abyss:1  | Ilten the Demonspawn Abyssal Knight began the quest for the Orb.
     0 | Abyss:1  | Reached XP level 1. HP: 18/18 MP: 2/2
    11 | D:1      | Escaped the Abyss
   465 | D:1      | Gained mutation: You are partially covered in thin metallic scales (AC +2). [demonic ancestry]
   465 | D:1      | Reached XP level 2. HP: 20/24 MP: 3/3
   475 | D:1      | Reached skill level 1 in Dodging
   763 | D:1      | Reached ** piety under Lugonu
  1164 | D:1      | Gained mutation: You are mostly covered in thin metallic scales (AC +3). [demonic ancestry]
  1164 | D:1      | Reached XP level 3. HP: 30/30 MP: 5/5
  2482 | D:2      | Gained mutation: You have large cloven feet. [demonic ancestry]
  2482 | D:2      | Reached XP level 4. HP: 37/37 MP: 6/6
  3104 | D:3      | Gained mutation: Your muscles are strong. (Str +2) [potion of mutation]
  3104 | D:3      | Gained mutation: You are frail (-10% HP). [potion of mutation]
  3104 | D:3      | Lost mutation: Your muscles are strong. (Str +2) [potion of mutation]
  3468 | D:3      | You fall through a shaft for 2 floors!
  3468 | D:5      | Entered Level 5 of the Dungeon
  3518 | D:5      | Noticed a centaur
  3525 | D:5      | HP: 1/33 [centaur/arrow (4)]
  3526 | D:5      | Shot with an arrow by a centaur

Skill      XL: |  1  2  3 |
---------------+----------+-----
Dodging        | 1 |  1.2
Armour         | 2 |  2.2
Axes           | 2 |  2.9
Fighting       | |  3.7
Invocations    | |  2.7

Action                   |  1- 3 |  4- 6 || total
-------------------------+-------+-------++-------
Melee: Dagger            |   116 |       ||   116
       Rapier            |    50 |    92 ||   142
       Kick              |       |    34 ||    34
  Use: Scroll            |     3 |     2 ||     5
       Potion            |       |     6 ||     6
  Eat: Chunk             |     5 |       ||     5
       Bread ration      |       |     1 ||     1
Armor: Leather armour    |    16 |       ||    16
       Scale mail        |    69 |    18 ||    87
       Skin              |       |     1 ||     1
Dodge: Dodged            |    91 |    27 ||   118
